Map: Dusk Towers

Players

Kas

  • Race: Terran Terran
  • League: Master

Miszu - Winner!

  • Race: Terran Terran
  • League: Master

VOD

Have the link to the VOD?

Description

Time

  • Played on: Feb. 6, 2016, 6:21 p.m.
  • Length: 12:00
Show
View Real Time Build Order
Export as new Build Order

Kas Terran 

Build Orders: Reaper Expand, Bio Tank 

Get SALT Encoding   

  12  0:01  SCV  
  13  0:13  SCV  
  14  0:17  Supply Depot  
  14  0:25  SCV  
  15  0:38  SCV  
  15  0:40  Barracks  
  16  0:45  Refinery  
  16  0:50  SCV  
  17  1:03  SCV  
  18  1:15  SCV  
  19  1:27  Orbital Command  
  19  1:30  Reaper  
  20  1:41  Command Center  
  20  1:48  Refinery  
  20  1:53  SCV  
  21  1:59  Supply Depot  
  21  2:02  Barracks Reactor  
  21  2:05  SCV  
  22  2:18  SCV  
  22  2:20  Factory  
  23  2:30  SCV  
  24  2:38  Marine x2  
  24  2:42  SCV  
  27  2:54  SCV, Orbital Command  
  27  2:56  Marine x2  
  30  3:05  Factory Tech Lab  
  30  3:06  Starport  
  30  3:08  SCV  
  31  3:14  Marine x2  
  33  3:20  SCV  
  33  3:21  SCV  
  33  3:24  Siege Tank  
  38  3:28  Supply Depot  
  38  3:32  SCV  
  38  3:33  SCV  
  40  3:37  Refinery  
  40  3:41  Barracks Tech Lab  
  40  3:44  Viking, SCV  
  40  3:46  SCV  
  44  3:56  Siege Tank, SCV  
  44  3:58  Supply Depot  
  44  4:00  SCV  
  49  4:04  Marine  
  49  4:05  Stimpack  
  49  4:08  SCV  
  51  4:14  Viking  
  51  4:15  SCV  
  54  4:20  SCV  
  54  4:21  Engineering Bay  
  54  4:23  Supply Depot  
  55  4:27  SCV  
  56  4:33  SCV  
  57  4:39  SCV  
  57  4:43  Command Center  
  58  4:46  SCV  
  59  4:58  SCV  
  54  5:03  SCV  
  53  5:10  SCV  
  53  5:11  Refinery, Siege Tank  
  53  5:13  Starport Reactor, Marine  
  58  5:15  SCV  
  58  5:18  Terran Infantry Weapons Level 1  
  58  5:19  Barracks  
  58  5:20  Barracks  
  59  5:22  SCV  
  59  5:26  Supply Depot  
  59  5:29  SCV  
  59  5:34  Marine  
  61  5:36  SCV  
  61  5:38  Supply Depot  
  61  5:41  SCV  
  63  5:44  Siege Tank  
  63  5:48  SCV  
  67  5:50  Medivac  
  67  5:51  Medivac  
  67  5:54  SCV  
  72  5:57  Orbital Command  
  72  6:00  SCV  
  72  6:01  Marine  
  74  6:05  Barracks Reactor  
  74  6:08  Barracks  
  74  6:10  Combat Shields  
  74  6:15  Barracks  
  74  6:16  Siege Tank  
  74  6:18  SCV x2  
  79  6:19  Orbital Command  
  79  6:20  Marine  
  80  6:27  Medivac x2  
  80  6:28  Marine  
  80  6:31  SCV x2  
  87  6:38  Supply Depot, Sensor Tower  
  87  6:44  Marine x2  
  87  6:45  Supply Depot, SCV  
  87  6:46  SCV  
  91  6:48  SCV  
  91  6:50  Siege Tank  
  91  6:52  Marine x2  
  91  6:54  Marine  
  97  6:55  Barracks Reactor  
  97  6:57  SCV  
  97  6:58  SCV  
  97  7:00  SCV  
  101  7:03  Barracks Reactor, Refinery x2  
  101  7:10  SCV  
  101  7:12  Terran Infantry Armor Level 1, SCV  
  101  7:14  Supply Depot  
  103  7:18  Sensor Tower  
  103  7:19  Supply Depot x2, SCV  
  103  7:22  SCV  
  105  7:24  SCV  
  105  7:27  Siege Tank  
  109  7:31  SCV  
  109  7:32  Command Center  
  110  7:38  Armory  
  110  7:39  Engineering Bay  
  110  7:42  Medivac x2  
  114  7:45  Factory  
  114  7:47  SCV  
  114  7:48  SCV x2  
  117  7:52  Marine x5  
  117  7:54  Marine x2  
  117  7:55  Marine  
  125  7:59  SCV  
  125  8:00  SCV  
  125  8:02  SCV  
  125  8:04  Supply Depot  
  125  8:05  Barracks Reactor  
  128  8:06  Supply Depot  
  128  8:09  Marine  
  128  8:10  Marine  
  128  8:11  Supply Depot  
  130  8:13  Supply Depot  
  130  8:14  Missile Turret  
  130  8:15  Medivac  
  130  8:17  Medivac  
  130  8:19  Missile Turret  
  134  8:32  Marine x2  
  111  8:36  Marine x2  
  108  8:42  Marine  
  108  8:43  Marine  
  108  8:44  Marine x2  
  108  8:45  Siege Tank  
  108  8:46  Factory Tech Lab  
  115  8:50  Terran Infantry Weapons Level 2  
  115  8:51  Barracks  
  115  8:53  Medivac x2, Barracks x2  
  119  8:58  Marine x2  
  119  9:01  SCV x2  
  123  9:03  Marine x4  
  123  9:04  Marine x2  
  123  9:07  Marine x2  
  123  9:08  Siege Tank  
  134  9:16  Factory, Marine x2  
  135  9:17  Siege Tank  
  135  9:20  Marine x2  
  135  9:23  Marine x4  
  140  9:40  Siege Tank  
  140  9:44  Marine  
  140  9:45  Marine  
  138  9:49  Marine x4, Siege Tank  
  138  9:50  Marine x4  
  138  9:52  Barracks Reactor x2  
  150  9:58  Barracks Reactor  
  150  9:59  Planetary Fortress  
  149  10:02  Marine x2  
  149  10:04  Siege Tank  
  149  10:05  Medivac x2  
  149  10:07  Marine x4  
  158  10:08  Marine x2  
  158  10:09  Marine  
  158  10:10  Marine  
  166  10:16  Sensor Tower  
  166  10:20  Marine x2  
  168  10:24  Marine x2  
  168  10:25  Marine x2  
  168  10:27  Refinery, Marine  
  168  10:28  Marine x2  
  175  10:31  Marine x2  
  175  10:34  Marine  
  161  10:38  Marine x2  
  141  10:47  Marine  
  115  10:50  Marine x2  
  115  10:52  Marine x4  
  114  11:09  Marine  
Show
View Real Time Build Order
Export as new Build Order

Miszu Terran - Winner!

Build Orders: Bio Tank 

Get SALT Encoding   

  12  0:00  SCV  
  13  0:12  SCV  
  14  0:17  Supply Depot  
  14  0:24  SCV  
  15  0:39  SCV  
  15  0:41  Refinery  
  16  0:44  Barracks  
  16  0:51  SCV  
  17  1:03  SCV  
  18  1:15  SCV  
  19  1:30  Orbital Command  
  19  1:31  Barracks Reactor  
  19  1:42  Command Center  
  19  1:49  Supply Depot  
  19  1:56  SCV  
  19  2:08  SCV  
  19  2:09  Marine x2  
  19  2:14  Factory  
  22  2:21  Refinery  
  22  2:23  SCV  
  22  2:28  Marine x2  
  25  2:35  SCV  
  26  2:46  Marine x2  
  26  2:48  SCV  
  29  2:59  Starport  
  29  3:00  SCV  
  29  3:03  Marine, Orbital Command  
  29  3:05  Marine  
  32  3:09  Widow Mine  
  32  3:12  SCV  
  35  3:24  SCV  
  36  3:27  Marine x2  
  36  3:29  SCV  
  39  3:35  Supply Depot  
  39  3:36  Medivac, SCV  
  39  3:38  Factory Tech Lab  
  42  3:41  SCV  
  42  3:48  SCV  
  44  3:53  SCV  
  45  3:57  Supply Depot  
  45  4:00  SCV  
  49  4:05  SCV  
  50  4:12  SCV  
  48  4:18  Command Center, Siege Tank, SCV  
  48  4:20  Supply Depot  
  54  4:24  SCV  
  54  4:25  Viking  
  54  4:30  SCV  
  56  4:34  Marine x2  
  56  4:36  SCV  
  59  4:41  Barracks  
  59  4:42  Barracks  
  59  4:45  SCV  
  56  5:03  Marine  
  56  5:04  Marine  
  56  5:05  Siege Tank, SCV  
  56  5:06  Starport Reactor, SCV  
  60  5:09  Barracks  
  60  5:11  Refinery x2  
  59  5:16  Barracks  
  59  5:17  SCV  
  59  5:18  SCV  
  63  5:29  SCV  
  63  5:30  Barracks Tech Lab x2, SCV  
  63  5:31  Orbital Command  
  61  5:41  SCV  
  64  5:43  SCV  
  64  5:45  Engineering Bay  
  64  5:46  Engineering Bay  
  67  5:53  Combat Shields  
  67  5:54  SCV, Stimpack  
  67  5:55  Siege Tank  
  67  6:01  Barracks Reactor  
  67  6:02  Medivac x2  
  67  6:03  Barracks Reactor, Orbital Command  
  71  6:09  Marine x2  
  71  6:10  SCV x2  
  75  6:14  Terran Infantry Armor Level 1  
  75  6:17  Terran Infantry Weapons Level 1  
  75  6:22  SCV x2  
  77  6:28  SCV  
  77  6:31  Marine x3  
  81  6:34  SCV x2  
  83  6:40  Refinery, SCV  
  83  6:41  Refinery  
  83  6:46  Supply Depot x2, SCV  
  85  6:48  Supply Depot x2  
  85  6:56  Armory  
  85  6:59  Sensor Tower  
  85  7:03  Sensor Tower  
  85  7:04  Missile Turret  
  85  7:07  Siege Tank, SCV x3  
  85  7:08  Marine x6  
  97  7:16  Medivac x2  
  97  7:19  SCV x2  
  97  7:20  SCV  
  104  7:26  Supply Depot  
  104  7:27  Supply Depot x2  
  104  7:29  Marine x4  
  108  7:32  SCV x2  
  108  7:36  Marine x4  
  114  7:41  Siege Tank  
  117  7:48  Marine x4, Medivac x2  
  125  7:51  Supply Depot  
  125  7:53  Supply Depot  
  125  7:54  Supply Depot, Marine x2  
  125  7:57  Marine  
  129  8:04  Terran Vehicle Weapons Level 1  
  129  8:05  Marine x4  
  129  8:12  Terran Infantry Armor Level 2, Marine, Terran Infantry Weapons Level 2  
  133  8:13  Supply Depot  
  133  8:14  Siege Tank  
  133  8:16  Supply Depot  
  133  8:18  Marine  
  133  8:19  Factory, Marine x2  
  139  8:23  Marine  
  120  8:38  Marine  
  120  8:39  Marine x6  
  119  8:41  Marine  
  119  8:42  Medivac x2  
  124  8:50  Siege Tank  
  124  8:55  Supply Depot  
  127  8:56  Marine  
  127  8:57  Marine x6  
  127  8:58  Supply Depot  
  127  8:59  Marine  
  135  9:07  Factory Tech Lab  
  135  9:12  Medivac  
  135  9:14  Marine x2  
  139  9:19  Marine x6  
  139  9:20  Medivac  
  139  9:23  Siege Tank  
  150  9:28  Siege Tank  
  153  9:32  Marine x2  
  153  9:36  Marine  
  153  9:37  Marine x5  
  145  9:49  Marine  
  145  9:50  Marine  
  144  9:53  Command Center  
  144  9:54  Marine  
  144  9:55  Marine x5, Siege Tank  
  153  10:00  Siege Tank  
  156  10:07  Marine  
  156  10:08  Marine  
  156  10:12  Marine x2, Medivac  
  156  10:13  Marine x4  
  166  10:25  Marine  
  166  10:26  Marine  
  166  10:27  Siege Tank  
  171  10:30  Marine x6  
  171  10:32  Siege Tank  
  175  10:43  Marine x2  
  175  10:48  Marine x5  
  156  10:59  Siege Tank  
  156  11:01  Marine  
  157  11:05  Marine  
  157  11:06  Marine x4  
  149  11:11  Medivac x2  
  146  11:23  Marine  
  146  11:24  Marine x2  
  129  11:42  Marine x2  
Tags
 
Composition
Bio TankBio Tank
Matchup
TvT
Player
Kas
Race
Terran
Add a new tag
Caveats
  • Supply blocks, unpowered buildings, or Contaminate may cause inaccurate times.
  • Supply counts are checked every 10 seconds.